 Dungeon Crawl Stone Soup version 0.28-a0-1435-g82390b3a13 (webtiles) character file.

Game seed: 12544145138400181171

37 hashsling the Grasshopper (level 3, 16/33 HPs)
             Began as a Deep Dwarf Warper on Jan 9, 2022.
             Quit the game on level 1 of the Dungeon.
             The game lasted 00:04:35 (722 turns).

hashsling the Grasshopper (Deep Dwarf Warper)        Turns: 722, Time: 00:04:35

Health: 16/33      AC:  3    Str: 16    XL:     3   Next: 23%
Magic:  5/5        EV: 12    Int: 13    God:
Gold:   37         SH:  0    Dex: 12    Spells: 0/5 levels left

rFire   . . .      SeeInvis .   a - +0 hand axe
rCold   . . .      Faith    .   (no shield)
rNeg    . . .      Spirit   .   b - +0 leather armour
rPois   .          Reflect  .   (no helmet)
rElec   .          Harm     .   (no cloak)
rCorr   .          Rampage  .   (no gloves)
Will    .....                   (no boots)
Stlth   +.........              (no amulet)
HPRegen 0.00/turn               (no ring)
MPRegen 0.09/turn               (no ring)

@: no status effects
A: damage resistance, heal wounds, sense surroundings 1, no regeneration
a: Heal Wounds


You were on level 1 of the Dungeon.
You visited 1 branch of the dungeon, and saw 1 of its levels.

You collected 37 gold pieces.

Inventory:

Hand Weapons
 a - a +0 hand axe (weapon)
Missiles
 d - 11 boomerangs of dispersal (quivered)
 f - 15 stones
Armour
 b - a +0 leather armour (worn)
Scrolls
 c - a scroll of blinking
 g - a scroll of identify {unknown}
Potions
 e - a potion of curing {unknown}


   Skills:
 * Level 2.4 Fighting
 * Level 2.9 Axes
 - Level 1.0 Throwing
 + Level 1.8 Armour
 + Level 2.5 Dodging
 - Level 1.7 Spellcasting
 - Level 3.2 Translocations


You couldn't memorise any spells.
You knew the following spells:

 Your Spells              Type           Power      Damage    Failure   Level
a - Blink                 Tloc           18%        N/A       13%         2
b - Lesser Beckoning      Tloc           9%         N/A       26%         3

Your spell library contained the following spells:

 Spells                   Type           Power      Damage    Failure   Level
 Gell's Gravitas          Tloc           9%         N/A       26%         3
 Teleport Other           Tloc           9%         N/A       26%         3
 Manifold Assault         Tloc           9%         N/A       93%         5


Dungeon Overview and Level Annotations

Branches:
Dungeon (1/15)

Altars:


Innate Abilities, Weirdness & Mutations

You are resistant to damage.
You can heal yourself by infusing magical energy.
You passively map a small area around you.
You do not regenerate.


Message History

You hit the hobgoblin.
The hobgoblin is almost dead.
You hit the goblin.
The hobgoblin hits you but does no damage.
The goblin closely misses you.
The hobgoblin hits you but does no damage.
You hit the hobgoblin but do no damage.
The hobgoblin is almost dead.
You miss the goblin. The goblin hits you with a +0 club.
The hobgoblin hits you.
You are too injured to fight recklessly!
You are too injured to fight recklessly!
Cleave: a) +0 hand axe
Press: ? - help, Dir - move target, f - hobgoblin
Aim: a hobgoblin (almost dead, about 40% to evade your +0 hand axe)
You hit the hobgoblin.
You kill the hobgoblin!
You hit the goblin.
You kill the goblin!
Things that are here:
a +0 club; a ball python corpse A bat comes into view.
A bat is nearby!
The bat closely misses you. The bat barely misses you.
You are too injured to fight recklessly!
Cleave: a) +0 hand axe
Press: ? - help, Dir - move target, f - you
Okay, then.
The bat misses you.
You slash the bat!
You kill the bat!
You see here a +0 whip.
Things that are here:
a +0 club; a kobold corpse
Things that are here:
a +0 club; a kobold skeleton Done exploring.
Unknown command.
Unknown command.
Are you sure you want to abandon this character and quit the game? (Confirm with "yes".)

###############
#.............#
#.####..#####)#####
#####.####..####......#
##.................###.#
.....#.####........###.#
.....#..........@...##.#
.....########.....#.##.#
.....# ##.......#.######
.....# ####...........#
.....# ##....#####.##
.....# ####### ####.#
#^.# #.#### #.....#
####.# ##.## #.# #.....#
#....######..###
#.#######.....#
#.##............


There were no monsters in sight!

Vanquished Creatures
  3 dart slugs (D:1)
  3 ball pythons (D:1)
  3 endoplasms (D:1)
  2 giant cockroaches (D:1)
  4 hobgoblins (D:1)
  2 quokkas (D:1)
  A bat (D:1)
  A frilled lizard (D:1)
  3 goblins (D:1)
  3 kobolds (D:1)
  4 rats (D:1)
29 creatures vanquished.

Notes
Turn   | Place    | Note
-------+----------+-------------------------------------------
     0 | D:1      | hashsling the Deep Dwarf Warper began the quest for the
                  | Orb.
     0 | D:1      | Reached XP level 1. HP: 19/19 MP: 3/3
   113 | D:1      | Reached skill level 1 in Throwing
   143 | D:1      | Reached XP level 2. HP: 9/26 MP: 4/4
   414 | D:1      | Reached XP level 3. HP: 25/32 MP: 5/5
   417 | D:1      | Learned a level 2 spell: Blink
   421 | D:1      | Learned a level 3 spell: Lesser Beckoning
   722 | D:1      | Quit the game

Illustrated notes

Levels and vault maps discovered:
D:1:      lordsloth_arrival_two_stooges, layout_loops_cross

Skill      XL: |  1 |
---------------+----+-----
Throwing       | 1 |  1.0
Fighting       | 2 |  2.4
Axes           | |  2.9
Armour         | |  1.8
Dodging        | |  2.5
Spellcasting   | |  1.7
Translocations | |  3.2

Action                   || total
-------------------------++-------
Melee: Hand axe          ||    87
       Punch             ||     1
 Abil: Heal Wounds       ||     1
 Stab: Sleeping          ||     1
Armor: Leather armour    ||    19
Dodge: Dodged            ||    42

Table legend: (Time is in decaauts)
 A = Elapsed time spent in this place.
 B = Non-inter-level travel time spent in this place.
 C = Inter-level travel time spent in this place.
 D = Time resting spent in this place.
 E = Time spent auto-exploring this place.
 F = Levels seen in this place.
 G = Mean time per level.
                   A        B        C        D        E       F      G
               +--------+--------+--------+--------+--------+-----+--------+
         Total |    737 |    737 |      0 |      0 |    516 |   1 |  737.0 |
       Dungeon |    737 |    737 |      0 |      0 |    516 |   1 |  737.0 |
               +--------+--------+--------+--------+--------+-----+--------+

Top non-repeatable levels by time:
     D:1: 737 daAuts
